SAAA
CALGARY LYNX @ ALLOWAY HALBERDS
07/01/2021
 
TOP OF THE 1ST
Calgary Lynx batting - Pitching for Alloway Halberds : RHP Chris Strickland
Pitching: RHP Chris Strickland
Batting: RHB Alfredo Méndez 0-0: Ball
1-0: Swinging Strike
1-1: Ground out 6-3 (Groundball, 6)
Batting: RHB Danny Walsh 0-0: Foul Ball, location: 2F
0-1: Swinging Strike
0-2: Foul Ball, location: 2F
0-2: Ball
1-2: Ball
2-2: SINGLE (Line Drive, 89S)
Batting: SHB Gregg Wagner 0-0: Ball
1-0: Ball
2-0: Ball
3-0: Base on Balls
Danny Walsh to second
Batting: LHB José Alonso 0-0: Hit by Pitch
Danny Walsh to third
Gregg Wagner to second
Batting: SHB Vasco Paradela 0-0: Foul Ball, location: 2F
0-1: Ball
1-1: Ball
2-1: Ball
3-1: Foul Ball, location: 2F
3-2: Base on Balls
Danny Walsh scores
Gregg Wagner to third
José Alonso to second
Batting: RHB Tony Farquharson 0-0: SINGLE (Line Drive, 6M)
Gregg Wagner scores
José Alonso to third
Vasco Paradela to second
Runner from 3rd tries for Home, SAFE, throw made home
Vasco Paradela to third
Tony Farquharson to second
Batting: SHB Tom Craft 0-0: Ball
1-0: Ball
2-0: Foul Ball, location: 2F
2-1: Ball
3-1: Swinging Strike
3-2: Fly out, F4 (Popup, 4)
Batting: RHB Jim Browning 0-0: Ball
1-0: Called Strike
1-1: Foul Ball, location: 2F
1-2: Ball
2-2: Ball
3-2: Strikes out looking
Top of the 1st over - 3 run(s), 2 hit(s), 0 error(s), 2 left on base; Calgary 3 - Alloway 0
BOTTOM OF THE 1ST
Alloway Halberds batting - Pitching for Calgary Lynx : RHP Anthony Hanover
Pitching: RHP Anthony Hanover
Batting: RHB Orlando López 0-0: Ball
1-0: Called Strike
1-1: SINGLE (Groundball, 4MD)
Batting: RHB Pedro Santos 0-0: Ball
1-0: Ball
2-0: Ball
Orlando López steals 2nd base
3-0: Base on Balls
Batting: RHB Scotty Anderson 0-0: Ball
1-0: Called Strike
1-1: Ball
2-1: Foul Ball, location: 2F
2-2: Ground out 5-3 (Groundball, 5S)
Orlando López to third
Pedro Santos to second
Batting: RHB Jonathan Cundall 0-0: Ground out 5-3 (Groundball, 5S)
Batting: SHB Ron Peterson 0-0: Ball
1-0: Ground out 4-3 (Groundball, 4)
Bottom of the 1st over - 0 run(s), 1 hit(s), 0 error(s), 2 left on base; Calgary 3 - Alloway 0
TOP OF THE 2ND
Calgary Lynx batting - Pitching for Alloway Halberds : RHP Chris Strickland
Batting: RHB Pedro Cruz 0-0: Foul Ball, location: 2F
0-1: Ball
1-1: Swinging Strike
1-2: Ball
2-2: Ground out 6-3 (Groundball, 6)
Batting: RHB Alfredo Méndez 0-0: Ball
1-0: Ball
2-0: Foul Ball, location: 2F
2-1: SINGLE (Groundball, 4MD)
Batting: RHB Danny Walsh 0-0: Called Strike
0-1: Foul Ball, location: 2F
0-2: Ball
1-2: Ball
2-2: Fly out, F9 (Flyball, 9S)
Batting: SHB Gregg Wagner 0-0: Ball
Alfredo Méndez steals 2nd base
1-0: Ball
2-0: Ball
3-0: Called Strike
3-1: DOUBLE (Line Drive, 89D)
Alfredo Méndez scores
Batting: LHB José Alonso 0-0: Ball
1-0: Ball
2-0: Called Strike
2-1: Called Strike
2-2: Ball
3-2: Reached on Error, E8 (Flyball, 8RM)
Gregg Wagner scores
Batting: SHB Vasco Paradela 0-0: Ball
1-0: Fly out, F5 (Popup, 5SF)
Top of the 2nd over - 2 run(s), 2 hit(s), 1 error(s), 1 left on base; Calgary 5 - Alloway 0
BOTTOM OF THE 2ND
Alloway Halberds batting - Pitching for Calgary Lynx : RHP Anthony Hanover
Batting: LHB Francisco Rivas 0-0: Ball
1-0: Ball
2-0: Called Strike
2-1: Ball
3-1: Base on Balls
Batting: RHB Juan Martínez 0-0: Called Strike
0-1: Ground out 5-3 (Groundball, 5S)
Francisco Rivas to second
Batting: RHB Daniel Molina 0-0: Ground out 4-3 (Groundball, 4)
Francisco Rivas to third
Batting: RHB Mike Davis 0-0: Ball
1-0: Foul Ball, location: 2F
1-1: Foul Ball, location: 2F
1-2: Fly out, F6 (Popup, 8LS)
Bottom of the 2nd over - 0 run(s), 0 hit(s), 0 error(s), 1 left on base; Calgary 5 - Alloway 0
TOP OF THE 3RD
Calgary Lynx batting - Pitching for Alloway Halberds : RHP Chris Strickland
Batting: RHB Tony Farquharson 0-0: SINGLE (Popup, 6D)
Batting: SHB Tom Craft 0-0: Fly out, F9 (Flyball, 9M)
Batting: RHB Jim Browning 0-0: Called Strike
0-1: Called Strike
0-2: Ball
1-2: Ground out 5-3 (Groundball, 5S)
Tony Farquharson to second
Batting: RHB Pedro Cruz 0-0: Ball
1-0: Foul Ball, location: 2F
1-1: Swinging Strike
1-2: Ball
2-2: SINGLE (Groundball, 34D)
Tony Farquharson to third
Batting: RHB Alfredo Méndez 0-0: Ball
1-0: Foul Ball, location: 2F
1-1: Foul Ball, location: 2F
1-2: Strikes out swinging
Top of the 3rd over - 0 run(s), 2 hit(s), 0 error(s), 2 left on base; Calgary 5 - Alloway 0
BOTTOM OF THE 3RD
Alloway Halberds batting - Pitching for Calgary Lynx : RHP Anthony Hanover
Batting: RHB Orlando López 0-0: Ball
1-0: Called Strike
1-1: Ball
2-1: Ball
3-1: Base on Balls
Batting: RHB Pedro Santos 0-0: Ball
1-0: Ball
2-0: DOUBLE (Line Drive, 5D)
Orlando López to third
Runner from 3rd tries for Home, SAFE, no throw or cutoff
Batting: RHB Scotty Anderson 0-0: Ball
1-0: DOUBLE (Line Drive, 5D)
Pedro Santos scores
Batting: RHB Jonathan Cundall 0-0: Ball
1-0: Called Strike
1-1: Ball
2-1: Called Strike
2-2: Ball
3-2: Foul Ball, location: 2F
3-2: Strikes out swinging
Batting: SHB Ron Peterson 0-0: Called Strike
0-1: Called Strike
0-2: Ball
1-2: Ball
2-2: Ground out 6-3 (Groundball, 56)
Batting: LHB Francisco Rivas 0-0: Ground out 4-3 (Groundball, 4)
Bottom of the 3rd over - 2 run(s), 2 hit(s), 0 error(s), 1 left on base; Calgary 5 - Alloway 2
TOP OF THE 4TH
Calgary Lynx batting - Pitching for Alloway Halberds : RHP Chris Strickland
Batting: RHB Danny Walsh 0-0: Ball
1-0: Ball
2-0: Ball
3-0: Base on Balls
Batting: SHB Gregg Wagner 0-0: Ball
1-0: Called Strike
1-1: Swinging Strike
1-2: Foul Ball, location: 2F
1-2: Ball
2-2: Grounds into double play, 4-6-3 (Groundball, 4)
Batting: LHB José Alonso 0-0: SINGLE (Groundball, 3D)
Batting: SHB Vasco Paradela 0-0: Foul Ball, location: 2F
0-1: Foul Ball, location: 2F
0-2: Foul Ball, location: 2F
0-2: Ball
1-2: Ball
2-2: Foul Ball, location: 2F
2-2: Ball
3-2: Fly out, F5 (Popup, 56S)
Top of the 4th over - 0 run(s), 1 hit(s), 0 error(s), 1 left on base; Calgary 5 - Alloway 2
BOTTOM OF THE 4TH
Alloway Halberds batting - Pitching for Calgary Lynx : RHP Anthony Hanover
Batting: RHB Juan Martínez 0-0: Ball
1-0: Ball
2-0: Swinging Strike
2-1: SINGLE (Line Drive, 34)
Batting: RHB Daniel Molina 0-0: Ball
1-0: Ground out 5-3 (Groundball, 56S)
Juan Martínez to second
Batting: RHB Mike Davis 0-0: Ball
1-0: Swinging Strike
1-1: Swinging Strike
1-2: Foul Ball, location: 2F
1-2: Ball
2-2: Ball
3-2: Fly out, F8 (Line Drive, 8LM)
Batting: RHB Orlando López 0-0: Called Strike
0-1: Called Strike
0-2: Ball
1-2: Ball
2-2: Foul Ball, location: 2F
2-2: Strikes out swinging
Bottom of the 4th over - 0 run(s), 1 hit(s), 0 error(s), 1 left on base; Calgary 5 - Alloway 2
TOP OF THE 5TH
Calgary Lynx batting - Pitching for Alloway Halberds : RHP Chris Strickland
Batting: RHB Tony Farquharson 0-0: Called Strike
0-1: Ball
1-1: Ball
2-1: Foul Ball, location: 2F
2-2: Foul Ball, location: 2F
2-2: SINGLE (Line Drive, 4MD)
Batting: SHB Tom Craft 0-0: Sac Bunt - play at second, runner OUT! 1-6
Batting: RHB Jim Browning 0-0: Ball
1-0: SINGLE (Groundball, 56D)
Tom Craft to second
Batting: RHB Pedro Cruz 0-0: Ball
Tom Craft steals 3rd base
Jim Browning to second
1-0: Ground out 6-3 (Groundball, 6M)
Batting: RHB Alfredo Méndez 0-0: Ball
1-0: Foul Ball, location: 2F
1-1: Ball
2-1: Ball
3-1: Fly out, F7 (Flyball, 7M)
Top of the 5th over - 0 run(s), 2 hit(s), 0 error(s), 2 left on base; Calgary 5 - Alloway 2
BOTTOM OF THE 5TH
Alloway Halberds batting - Pitching for Calgary Lynx : RHP Anthony Hanover
Batting: RHB Pedro Santos 0-0: Foul Ball, location: 2F
0-1: Ball
1-1: Foul Ball, location: 2F
1-2: Strikes out swinging
Batting: RHB Scotty Anderson 0-0: SINGLE (Flyball, 8LS)
Batting: RHB Jonathan Cundall Pickoff Throw to First - Error! E1
Scotty Anderson to second
0-0: Ball
1-0: Foul Ball, location: 2F
1-1: DOUBLE (Line Drive, 78XD)
Scotty Anderson scores
Batting: SHB Ron Peterson 0-0: Ball
1-0: Ball
2-0: Foul Ball, location: 2F
2-1: Ball
3-1: Foul Ball, location: 2F
3-2: Base on Balls
Batting: LHB Francisco Rivas 0-0: Ball
1-0: SINGLE (Flyball, 8LS)
Jonathan Cundall to third
Ron Peterson to second
Runner from 3rd tries for Home, SAFE, throw made home
Batting: RHB Juan Martínez 0-0: Called Strike
0-1: Foul Ball, location: 2F
0-2: Ball
1-2: Foul Ball, location: 2F
1-2: Fly out, F9 (Flyball, 9LM)
Batting: RHB Daniel Molina 0-0: Fly out, F5 (Line Drive, 5)
Bottom of the 5th over - 2 run(s), 3 hit(s), 1 error(s), 2 left on base; Calgary 5 - Alloway 4
TOP OF THE 6TH
Calgary Lynx batting - Pitching for Alloway Halberds : RHP Chris Strickland
Batting: RHB Danny Walsh 0-0: Swinging Strike
0-1: Ball
1-1: Ball
2-1: Called Strike
2-2: Ball
3-2: Strikes out swinging
Batting: SHB Gregg Wagner 0-0: Foul Ball, location: 2F
0-1: Ball
1-1: Ball
2-1: Ball
3-1: Foul Ball, location: 2F
3-2: Base on Balls
Batting: LHB José Alonso 0-0: Ball
1-0: Foul Ball, location: 2F
1-1: SINGLE (Flyball, 8LS)
Gregg Wagner to second
Batting: SHB Vasco Paradela 0-0: Fly out, F8 (Flyball, 8RM)
Batting: RHB Tony Farquharson 0-0: Ball
1-0: Foul Ball, location: 2F
1-1: Swinging Strike
1-2: Foul Ball, location: 2F
1-2: Ball
2-2: SINGLE (Groundball, 56)
Gregg Wagner to third
José Alonso to second
Runner from 3rd tries for Home, SAFE, no throw or cutoff
Pitching: RHP Manuel Reyes
Batting: SHB Tom Craft 0-0: Foul Ball, location: 2F
0-1: Swinging Strike
0-2: Ball
1-2: Foul Ball, location: 2F
1-2: Fly out, F8 (Flyball, 8LS)
Top of the 6th over - 1 run(s), 2 hit(s), 0 error(s), 2 left on base; Calgary 6 - Alloway 4
BOTTOM OF THE 6TH
Alloway Halberds batting - Pitching for Calgary Lynx : RHP Anthony Hanover
Batting: RHB Mike Davis 0-0: Ball
1-0: Ball
2-0: Foul Ball, location: 2F
2-1: Foul Ball, location: 2F
2-2: Foul Ball, location: 2F
2-2: Ball
3-2: Base on Balls
Batting: RHB Orlando López 0-0: Ball
1-0: Grounds into double play, 6-4-3 (Groundball, 56)
Pitching: RHP Ánibal Sánchez
Batting: RHB Pedro Santos 0-0: Swinging Strike
0-1: Ball
1-1: Ground out 5-3 (Groundball, 56)
Bottom of the 6th over - 0 run(s), 0 hit(s), 0 error(s), 0 left on base; Calgary 6 - Alloway 4
TOP OF THE 7TH
Calgary Lynx batting - Pitching for Alloway Halberds : RHP Manuel Reyes
Batting: RHB Jim Browning 0-0: Ball
1-0: Called Strike
1-1: Ball
2-1: SINGLE (Line Drive, 78S)
Batting: RHB Pedro Cruz 0-0: Sac Bunt - play at first, batter OUT! 1-3
Jim Browning to second
Batting: RHB Alfredo Méndez 0-0: Called Strike
0-1: SINGLE (Groundball, 56D)
Jim Browning to third
Runner from 3rd tries for Home, SAFE, no throw or cutoff
Batting: RHB Danny Walsh 0-0: Ball
1-0: Called Strike
1-1: Swinging Strike
1-2: Foul Ball, location: 2F
1-2: SINGLE (Line Drive, 9LS)
Alfredo Méndez to second
Batting: SHB Gregg Wagner 0-0: Foul Ball, location: 2F
0-1: Ball
1-1: Foul Ball, location: 2F
1-2: DOUBLE (Flyball, 9LM)
Alfredo Méndez scores
Danny Walsh to third
Batting: LHB José Alonso 0-0: Ball
1-0: Fly out, F9 (Flyball, 89M)
Runner from 3rd tags up, SCORES, throw made
Pitching: LHP Peyton Leach
Batting: SHB Vasco Paradela 0-0: Ball
1-0: Called Strike
1-1: Swinging Strike
1-2: Foul Ball, location: 2F
1-2: Ball
2-2: Ball
3-2: Base on Balls
Batting: RHB Tony Farquharson 0-0: Called Strike
0-1: Ball
1-1: Called Strike
1-2: Strikes out swinging
Top of the 7th over - 3 run(s), 4 hit(s), 0 error(s), 2 left on base; Calgary 9 - Alloway 4
BOTTOM OF THE 7TH
Alloway Halberds batting - Pitching for Calgary Lynx : RHP Ánibal Sánchez
Batting: RHB Scotty Anderson 0-0: Ball
1-0: Ball
2-0: Ground out 5-3 (Groundball, 5)
Batting: RHB Jonathan Cundall 0-0: Called Strike
0-1: Ball
1-1: Ball
2-1: Ball
3-1: Swinging Strike
3-2: Foul Ball, location: 2F
3-2: Strikes out swinging
Batting: SHB Ron Peterson 0-0: Foul Ball, location: 2F
0-1: Ball
1-1: Called Strike
1-2: SINGLE (Line Drive, 8LS)
Batting: LHB Francisco Rivas 0-0: Fly out, F8 (Flyball, 8RXD)
Bottom of the 7th over - 0 run(s), 1 hit(s), 0 error(s), 1 left on base; Calgary 9 - Alloway 4
TOP OF THE 8TH
Calgary Lynx batting - Pitching for Alloway Halberds : LHP Peyton Leach
Batting: SHB Tom Craft 0-0: Called Strike
0-1: Ball
1-1: Swinging Strike
1-2: Strikes out looking
Batting: RHB Jim Browning 0-0: Called Strike
0-1: Ball
1-1: Ball
2-1: Ball
3-1: Swinging Strike
3-2: Strikes out swinging
Batting: RHB Pedro Cruz 0-0: Foul Ball, location: 2F
0-1: Ball
1-1: Foul Ball, location: 2F
1-2: Strikes out looking
Top of the 8th over - 0 run(s), 0 hit(s), 0 error(s), 0 left on base; Calgary 9 - Alloway 4
BOTTOM OF THE 8TH
Alloway Halberds batting - Pitching for Calgary Lynx : RHP Ánibal Sánchez
Batting: RHB Juan Martínez 0-0: Ball
1-0: SINGLE (Groundball, 6MD)
Batting: RHB Daniel Molina 0-0: Grounds into double play, 6-4-3 (Groundball, 6)
Batting: RHB Mike Davis 0-0: Called Strike
0-1: Called Strike
0-2: Strikes out swinging
Bottom of the 8th over - 0 run(s), 1 hit(s), 0 error(s), 0 left on base; Calgary 9 - Alloway 4
TOP OF THE 9TH
Calgary Lynx batting - Pitching for Alloway Halberds : LHP Peyton Leach
Pitching: LHP Jim Unknown
Batting: RHB Alfredo Méndez 0-0: Called Strike
0-1: Fly out, F4 (Line Drive, 4D)
Batting: RHB Danny Walsh 0-0: Foul Ball, location: 2F
0-1: Ball
1-1: Ball
2-1: Foul Ball, location: 2F
2-2: Ball
3-2: Foul Ball, location: 2F
3-2: Strikes out looking
Batting: SHB Gregg Wagner 0-0: Ball
1-0: Fly out, F5 (Line Drive, 5)
Top of the 9th over - 0 run(s), 0 hit(s), 0 error(s), 0 left on base; Calgary 9 - Alloway 4
BOTTOM OF THE 9TH
Alloway Halberds batting - Pitching for Calgary Lynx : RHP Ánibal Sánchez
Pitching: LHP Ronaldo Rey
Batting: RHB Orlando López 0-0: Ball
1-0: Foul Ball, location: 2F
1-1: Ball
2-1: Ball
3-1: Called Strike
3-2: Strikes out looking
Batting: RHB Pedro Santos 0-0: Ball
1-0: Ball
2-0: Called Strike
2-1: Fly out, F9 (Flyball, 9S)
Batting: RHB Scotty Anderson 0-0: Ball
1-0: SINGLE (Line Drive, 89S)
Batting: RHB Jonathan Cundall 0-0: Ball
1-0: Fly out, F8 (Flyball, 8LD)
Bottom of the 9th over - 0 run(s), 1 hit(s), 0 error(s), 1 left on base; Calgary 9 - Alloway 4
This league is powered by Out of the Park Baseball, the baseball management simulation game for PC, Mac and Linux
Friday, January 22nd, 2016 - OOTP Baseball 16.9 Build 39